 Dungeon Crawl Stone Soup version 0.19-a0-1889-g9c603be (webtiles) character file.

144 GlassEater the Cutter (level 5, -1/32 HPs)
             Began as a Kobold Warper on Oct 17, 2016.
             Slain by a bullfrog skeleton (3 damage)
             ... on level 4 of the Dungeon.
             The game lasted 00:11:43 (5203 turns).

GlassEater the Cutter (Kobold Warper)               Turns: 5203, Time: 00:11:44

Health: -1/32      AC:  4    Str:  8    XL:     5   Next: 52%
Magic:  9/9        EV: 16    Int: 17    God:
Gold:   175        SH:  0    Dex: 16    Spells: 1 memorised, 7 levels left

rFire  . . .     SeeInvis .     a - +0 short sword
rCold  . . .     Gourm    .     q - +0 robe
rNeg   . . .     Faith    .     (shield restricted)
rPois  .         Spirit   .     (no helmet)
rElec  .         Reflect  .     (no cloak)
rCorr  .         Harm     .     A - +1 pair of gloves
MR     +....                    (no boots)
Stlth  ++........               (no amulet)
                                p - +3 ring of intelligence
                                h - ring of protection from magic

@: no status effects
A: carnivore 3
a: no special abilities


You were on level 4 of the Dungeon.
You were very full.

You visited 1 branch of the dungeon, and saw 4 of its levels.

You collected 175 gold pieces.

Inventory:

Hand Weapons
 a - a +0 short sword (weapon)
 b - a -1 blowgun
Missiles
 e - 4 tomahawks of dispersal (quivered)
 j - 152 stones
 z - 25 poisoned needles
Armour
 q - a +0 robe (worn)
 A - a +1 pair of gloves (worn)
Jewellery
 h - a ring of protection from magic (left hand)
 n - an uncursed ring of ice
 p - a +3 ring of intelligence (right hand)
 v - an uncursed ring of positive energy
 B - an uncursed ring of positive energy
Potions
 d - a potion of resistance {unknown}
 g - 4 potions of heal wounds
 k - 2 potions of agility
 l - a potion of brilliance {unknown}
 o - a potion of ambrosia
 u - a potion of might {unknown}
 w - a potion of berserk rage {unknown}
 x - a potion of lignification {unknown}
Books
 c - a book of Spatial Translocations

   Spells                             Type                      Level
   a - Blink                          Translocation                2
   b - Shroud of Golubria             Charms/Translocation         2
   c - Lesser Beckoning               Translocation                3
   d - Portal Projectile              Translocation                3
   e - Teleport Other                 Translocation                3
   f - Passage of Golubria            Translocation                4
Comestibles
 f - 3 meat rations
 i - a chunk of flesh


   Skills:
 + Level 2.9 Fighting
 + Level 3.5 Short Blades
 + Level 2.3 Throwing
 - Level 0.7 Armour
 * Level 3.2 Dodging
 * Level 2.4 Stealth
 + Level 2.8 Spellcasting
 + Level 3.3 Translocations


You had 7 spell levels left.
You knew the following spells:

 Your Spells              Type           Power        Failure   Level  Hunger
a - Blink                 Tloc           N/A          10%         2    ##.....


Dungeon Overview and Level Annotations

Branches:
Dungeon (4/15)
 Temple: D:4-7

Altars:

Shops:
D:4 :

Annotations:
D:4 Blork the orc


Innate Abilities, Weirdness & Mutations

You are small and have problems with some larger weapons.
You are carnivorous and can eat meat at any time.


Message History

Throwing (i - inventory. (,) - cycle):
e - 5 tomahawks of dispersal (quivered)
Press: ? - help, Shift-Dir - straight line, f - scorpion
Aim: a scorpion (severely wounded)
You throw a tomahawk of dispersal.
The tomahawk of dispersal hits the scorpion but does no damage.
The scorpion is severely wounded.
Found a long sword.
The bullfrog skeleton hits you.
* * * LOW HITPOINT WARNING * * *
The bullfrog skeleton misses you.
The bullfrog skeleton barely misses you.
The bullfrog skeleton misses you.
Found Lusar's Book Boutique.
The bullfrog skeleton barely misses you.
The bullfrog skeleton closely misses you.
The bullfrog skeleton hits you.
* * * LOW HITPOINT WARNING * * *
The bullfrog skeleton barely misses you.
The bullfrog skeleton hits you.
You die...

## ### **#
.##################.#######.#
................@Zs.........#####
.###.##############.###.###......
........,,,,* #.# #,* #.#####
.###.###******* #.# *,# *,* #
.###.#..,,,,..#####.###.###,*
......%.,,,,...............,*****
.###.#..,,,,..#####.##.#.##,,,,,,
..##.#,,,,,,..#####...∩..#*,,***#
..##.###,**,.........#.#.##,,****


You could see a scorpion and a bullfrog skeleton.

Vanquished Creatures
  4 adders
  An ooze (D:3)
  2 worms (D:3)
  4 dart slugs
  2 leopard geckos
  6 orcs
  3 giant cockroaches
  8 goblins
  7 hobgoblins
  9 jackals
  4 quokkas
  8 bats
  4 frilled lizards
  6 kobolds
  9 rats
77 creatures vanquished.

Notes
Turn   | Place    | Note
-------+----------+-------------------------------------------
     0 | D:1      | GlassEater the Kobold Warper began the quest for the Orb.
     0 | D:1      | Reached XP level 1. HP: 12/12 MP: 3/3
    50 | D:1      | Reached skill level 1 in Stealth
    50 | D:1      | Reached XP level 2. HP: 9/18 MP: 5/5
    68 | D:1      | Learned a level 2 spell: Blink
   566 | D:1      | Reached XP level 3. HP: 12/22 MP: 6/6
  1823 | D:2      | Reached XP level 4. HP: 20/27 MP: 7/7
  2930 | D:3      | Reached XP level 5. HP: 22/32 MP: 8/8
  4421 | D:4      | Noticed Blork the orc
  4920 | D:4      | Noticed a slave
  5181 | D:4      | HP: 1/32 [bullfrog skeleton (3)]
  5191 | D:4      | Found Lusar's Book Boutique.
  5203 | D:4      | Slain by a bullfrog skeleton

Vault maps used:
D:1:      lightli_arrival_lavapool
D:2:      serial_aquarium, aquarium_bridge_straight, aquarium_bridge_straight,
          aquarium_window_corridor_1, aquarium_window_1, aquarium_window_2,
          aquarium_view_2d, minmay_misc_feat_nine_boxes
D:3:      first_bread, minmay_vboxes
D:4:      serial_shops, shop, nicolae_shop_crystal, nicolae_shop_crystal,
          uniq_pikel, uniq_blork_the_orc

Skill      XL: |  1  2  3  4  5 |
---------------+----------------+-----
Stealth        | 1 2 |  2.4
Short Blades   | 3 |  3.5
Dodging        | 3 |  3.2
Throwing       | 2 |  2.3
Fighting       | |  2.9
Armour         | |  0.7
Spellcasting   | |  2.8
Translocations | |  3.3

Action                   |  1- 3 |  4- 6 || total
-------------------------+-------+-------++-------
Melee: Short sword       |   164 |   266 ||   430
 Fire: Blowgun           |       |     1 ||     1
Throw: Tomahawk          |       |     1 ||     1
 Cast: Blink             |       |     3 ||     3
  Use: Scroll            |       |     9 ||     9
 Stab: Sleeping          |     2 |     2 ||     4
  Eat: Chunk             |    11 |     9 ||    20
Armor: Leather armour    |    34 |       ||    34
       Ring mail         |    16 |     4 ||    20
       Robe              |       |    36 ||    36
Dodge: Dodged            |   131 |   209 ||   340
